 Dungeon Crawl Stone Soup version 0.22.1-2-g9c5b331 (webtiles) character file.

67 whitewolfNL the Cudgeler (level 3, 0/34 HPs)
             Began as a Minotaur Berserker on Jan 3, 2019.
             Was a Believer of Trog.
             Succumbed to an adder's poison
             ... on level 2 of the Dungeon.
             The game lasted 00:04:58 (970 turns).

whitewolfNL the Cudgeler (Minotaur Berserker)        Turns: 970, Time: 00:04:58

Health: 0/34       AC:  9    Str: 18 (21) XL:     3   Next: 98%
Magic:  2/2        EV:  4    Int:  4 (5)  God:    Trog [**....]
Gold:   68         SH:  7    Dex:  7 (9)  Spells: 2/2 levels left

rFire    . . .     SeeInvis .   a - +0 mace
rCold    . . .     Gourm    .   l - +0 shield
rNeg     . . .     Faith    .   e - +0 chain mail
rPois    .         Spirit   .   (helmet restricted)
rElec    .         Reflect  .   (no cloak)
rCorr    .         Harm     .   (no gloves)
MR       .....                  (no boots)
Stlth    ..........             (no amulet)
HPRegen  0.11/turn              (no ring)
MPRegen  0.08/turn              (no ring)

@: lethally poisoned (0 -> -2), berserk cooldown
A: retaliatory headbutt, horns 2
a: Berserk, Trog's Hand, Renounce Religion


You were on level 2 of the Dungeon.
You worshipped Trog.
Trog was pleased with you.
You were hungry.

You visited 1 branch of the dungeon, and saw 2 of its levels.

You collected 68 gold pieces.

Inventory:

Hand Weapons
 a - a +0 mace (weapon)
Missiles
 h - 15 bolts
Armour
 e - a +0 chain mail (worn)
 l - a +0 shield (worn)
Scrolls
 b - a scroll of immolation {unknown}
 d - a scroll of blinking {unknown}
 f - 4 scrolls of identify {unknown}
 g - a scroll of teleportation {unknown}
Potions
 k - a potion of degeneration
Comestibles
 c - 2 rations
 i - 5 chunks of flesh


   Skills:
 * Level 4.4 Fighting
 * Level 5.0 Maces & Flails
 * Level 2.8 Armour
 + Level 2.2 Dodging
 * Level 0.4 Shields


You had 2 spell levels left.
You didn't know any spells.
Your spell library was empty.

Dungeon Overview and Level Annotations

Branches:
Dungeon (2/15)

Altars:


Innate Abilities, Weirdness & Mutations

You reflexively headbutt those who attack you in melee.
You have a pair of horns on your head.


Message History

* * * LOW HITPOINT WARNING * * *
You closely miss the gnoll.
The gnoll is moderately wounded.
* * * LOW HITPOINT WARNING * * *
You feel sick. The gnoll barely misses you.
Some of the chunks of flesh in your inventory have rotted away.
You sock the gnoll! Your headbutt misses the gnoll.
The gnoll is severely wounded.
* * * LOW HITPOINT WARNING * * *
You feel sick. You block the gnoll's attack.
You thump the gnoll!
You kill the gnoll!
Trog accepts your kill.
Your Maces & Flails skill increases to level 5!
It was a potion of degeneration.
There was something very wrong with that liquid.
You feel weakened.
You feel dopey.
You feel clumsy.
The frilled lizard bites you but does no damage.
It was a potion of cancellation.
You feel magically purged.
You die...

#.# ########.#
#........#
#.###.#...####
#.........#
#####.#...#
#.#...#
#.#...#
#@##.## #l##.#
#..#.# #...#.#
...#.#.# #!#?#
.#.# .. ##
.#.# .# ...#
.#


You could see a frilled lizard.

Vanquished Creatures
  A gnoll (D:2)
  An adder (D:2)
  An ooze (D:2)
  2 worms (D:2)
  5 bats
  A giant cockroach (D:1)
  4 hobgoblins
  3 jackals (D:2)
  A quokka (D:2)
  A ball python (D:2)
  2 frilled lizards
  A goblin (D:2)
  4 kobolds
  14 rats
41 creatures vanquished.

Notes
Turn   | Place    | Note
-------+----------+-------------------------------------------
     0 | D:1      | whitewolfNL the Minotaur Berserker began the quest for the
                  | Orb.
     0 | D:1      | Reached XP level 1. HP: 19/19 MP: 0/0
   110 | D:1      | Reached skill level 4 in Maces & Flails
   113 | D:1      | Reached XP level 2. HP: 25/27 MP: 1/1
   447 | D:1      | Reached ** piety under Trog
   755 | D:2      | Reached XP level 3. HP: 30/33 MP: 2/2
   967 | D:2      | HP: 1/34 [poisoned by an adder]
   968 | D:2      | Reached skill level 5 in Maces & Flails
   970 | D:2      | Succumbed to an adder's poison

Skill      XL: |  1  2  3 |
---------------+----------+-----
Maces & Flails | 4 5 |  5.0
Fighting       | 4 |  4.4
Armour         | |  2.8
Dodging        | |  2.2
Shields        | |  0.4

Action                   || total
-------------------------++-------
Melee: Mace              ||    77
       Headbutt          ||     9
Invok: Berserk           ||     2
  Use: Potion            ||     2
  Eat: Chunk             ||     1
Armor: Chain mail        ||    50
       Animal skin       ||     2
Dodge: Dodged            ||    36
Block: Shield            ||    21
